 Dungeon Crawl Stone Soup version 0.31.0-11-ge490571c62 (webtiles) character file.

Game seed: 10938153493320322475

452 browni3141 the Shooter (level 6, -1/42 (48) HPs)
             Began as a Demonspawn Hunter on Jan 31, 2024.
             Slain by a wight
             ... wielding a +2 mace
              (6 damage)
             ... on level 5 of the Dungeon.
             The game lasted 00:01:28 (1791 turns).

browni3141 the Shooter (Demonspawn Hunter)          Turns: 1791, Time: 00:01:28

HP:   -1/42 (48)    AC:  3    Str: 11    XL:     6   Next: 75%
MP:   0/6           EV: 13    Int: 12    God:
Gold: 233           SH:  0    Dex: 16    Spells: 5/5 levels left

rFire   . . .        a - +0 shortbow
rCold   . . .        (shield currently unavailable)
rNeg    . . .        c - +0 leather armour
rPois   .            (helmet restricted)
rElec   .            (no cloak)
rCorr   .            (no gloves)
SInv    .            (no boots)
Will    .....        (no amulet)
Stlth   ++           (no ring)
HPRegen 0.27/turn    (no ring)
MPRegen 0.20/turn

%: guardian spirit
@: heavily drained
A: antennae 2, magic shield, magic regeneration
a: no special abilities


You were on level 5 of the Dungeon.
You visited 1 branch of the dungeon, and saw 6 of its levels.

You collected 233 gold pieces.

Inventory:

Hand Weapons
 a - a +0 shortbow (weapon)
Armour
 c - a +0 leather armour (worn)
Wands
 k - a wand of flame (23)
Scrolls
 b - a scroll of butterflies
 d - 2 scrolls of silence {unknown}
 e - a scroll of brand weapon {unknown}
 g - 2 scrolls of enchant armour {unknown}
 h - a scroll of identify {unknown}
 j - a scroll of teleportation {unknown}
 l - a scroll of fear {unknown}
Potions
 f - 3 potions of curing
 i - a potion of heal wounds {unknown}


   Skills:
 + Level 4.0 Fighting
 + Level 4.8 Ranged Weapons
 + Level 3.6 Dodging
 + Level 3.4 Stealth


You had 5 spell levels left.
You didn't know any spells.
Your spell library contained the following spells:

 Spells                   Type           Power      Damage    Failure   Level
 Magic Dart               Conj           0%         1d3       41%         1
 Blink                    Tloc           0%         N/A       54%         2
 Call Imp                 Summ           0%         N/A       54%         2


Dungeon Overview and Level Annotations

Branches:
Dungeon (6/15)
 Temple: D:4-7

Altars:


Innate Abilities, Weirdness & Mutations

You have a pair of antennae on your head.
When hurt, damage is shared between your health and your magic reserves.
You regenerate magic rapidly.


Message History

You shoot an arrow. The arrow closely misses the wight.
You shoot an arrow. The arrow barely misses the wight.
You shoot an arrow. The arrow hits the wight.
The wight is moderately damaged.
You shoot an arrow. The arrow barely misses the wight.
A wight comes into view. It is wielding a +4 mace.
The wight moves out of view.
You shoot an arrow. The arrow completely misses the wight.
You shoot an arrow.
The arrow hits the wight but does no damage.
The wight is moderately damaged.
The wight closely misses you.
You shoot an arrow. The arrow barely misses the wight.
The wight hits you with a +0 great sword!
A wight comes into view. It is wielding a +2 mace.
You shoot an arrow. The arrow hits the wight!
The wight is severely damaged.
The wight closely misses you.
The wight hits you with a +0 great sword.
You shoot an arrow.
The arrow hits the wight but does no damage.
The wight is severely damaged.
The wight closely misses you.
You shoot an arrow. The arrow barely misses the wight.
The arrow hits the wight but does no damage.
The wight completely misses you.
You shoot an arrow. The arrow closely misses the wight.
The arrow hits the wight.
The wight is lightly damaged.
The wight hits you with a +0 great sword!
You feel drained. The wight misses you. The wight closely misses you.
The wight barely misses you.
The wight hits you with a +0 great sword.
There is a stone staircase leading up here.
You climb upwards.
There is a stone staircase leading down here.
You shoot an arrow. The arrow hits the wight.
The wight is almost destroyed.
The wight misses you. The wight barely misses you.
You shoot an arrow. The arrow closely misses the wight.
The wight completely misses you.
You shoot an arrow. The arrow barely misses the wight.
The wight closely misses you.
You shoot an arrow.
The arrow hits the wight but does no damage.
The wight is almost destroyed.
The wight barely misses you.
You shoot an arrow. The arrow barely misses the wight.
The wight closely misses you. x2
You shoot an arrow. The arrow closely misses the wight.
The wight closely misses you.
You shoot an arrow. The arrow barely misses the wight.
The wight hits you with a +0 great sword.
You feel drained.
You shoot an arrow. The arrow hits the wight.
The wight is almost destroyed.
The wight closely misses you.
You shoot an arrow.
The arrow hits the wight but does no damage.
The wight is almost destroyed.
The wight hits you with a +0 great sword!
You shoot an arrow. The arrow hits the wight!
You destroy the wight!
Your Fighting skill increases to level 4!
No target in view!
No target in view!
You start resting.
Magic restored.
You start resting.
HP restored.
You climb downwards.
The wight barely misses you. The wight hits you with a +2 mace.
You feel drained. The wight hits you with a +4 mace.
You feel drained. The wight closely misses you.
There is a stone staircase leading up, spattered with blood here.
The wight hits you with a +2 mace! The wight barely misses you.
You climb upwards.
There is a stone staircase leading down here.
You shoot an arrow. The arrow hits the wight.
The wight is heavily damaged.
The wight misses you. The wight hits you with a +4 mace.
You feel drained. The wight attacks as it pursues you!
The wight hits you with a +2 mace! The wight hits you with a +4 mace!
The wight hits you with a +4 mace.
You feel drained.
You shoot an arrow. The arrow barely misses the wight.
The arrow closely misses the wight.
The wight barely misses you.
You shoot an arrow. The arrow hits the wight.
The wight is severely damaged.
The wight misses you. The wight hits you with a +2 mace.
You shoot an arrow. The arrow barely misses the wight. x2
The wight hits you with a +2 mace.
You shoot an arrow.
The arrow hits the wight but does no damage.
The wight is severely damaged.
The wight hits you with a +2 mace!
You shoot an arrow.
The arrow hits the wight but does no damage.
The wight is severely damaged.
The wight hits you with a +2 mace!
You die...

######### ###
#.....>.####.....
##....[.zz@.......
.........####.....
#...!....... ..#
##.....##.# #
######....#
.........##
#######.### #...##
###..########. .


You could see 2 wights.

Vanquished Creatures
  Sigmund (D:3)
  A wight (D:5)
  A bombardier beetle (D:4)
  A jelly (D:5)
  An iguana (D:5)
  An orc wizard (D:6)
  5 adders (D:2)
  A ribbon worm (D:2)
  16 orcs
  4 bats
  6 endoplasms
  2 giant cockroaches (D:2)
  2 hobgoblins
  2 jackals (D:4)
  4 kobolds
  2 quokkas
  4 ball pythons
  7 frilled lizards
  4 goblins
  2 rats
67 creatures vanquished.

Notes
Turn   | Place    | Note
-------+----------+-------------------------------------------
     0 | D:1      | browni3141 the Demonspawn Hunter began the quest for the
                  | Orb.
     0 | D:1      | Reached XP level 1. HP: 16/16 MP: 1/1
    40 | D:1      | Reached skill level 1 in Stealth
   131 | D:1      | Gained mutation: You regenerate magic rapidly. [demonic
                  | ancestry]
   131 | D:1      | Reached XP level 2. HP: 22/22 MP: 2/2
   397 | D:1      | You fall into a shaft and drop 1 floor!
   434 | D:2      | HP: 1/23 [adder (1)]
   437 | D:2      | Gained mutation: When hurt, damage is shared between your
                  | health and your magic reserves. [demonic ancestry]
   437 | D:2      | Reached XP level 3. HP: 11/28 MP: 3/3
   651 | D:2      | Gained mutation: You have a pair of small antennae on your
                  | head. [demonic ancestry]
   651 | D:2      | Reached XP level 4. HP: 34/34 MP: 4/4
   992 | D:3      | Noticed Sigmund
  1003 | D:3      | Killed Sigmund
  1004 | D:3      | Gained mutation: You have a pair of antennae on your head.
                  | [demonic ancestry]
  1004 | D:3      | Reached XP level 5. HP: 25/41 MP: 2/5
  1313 | D:4      | Reached XP level 6. HP: 47/47 MP: 6/6
  1369 | D:5      | Entered Level 5 of the Dungeon
  1791 | D:5      | Slain by a wight

Illustrated notes

Levels and vault maps discovered:
D:1:      tarquinn_simple_flora_water_b, layout_rooms, minmay_statues_item
D:2:      layout_basic
D:3:      gammafunk_steamed_eel, layout_loops_cross,
          chequers_ecumenical_altar_island, kennysheep_generic_room_12,
          uniq_sigmund
D:4:      layout_gridville, minmay_temple_entry_butterflies,
          hangedman_decor_riveting, dreamdust_princess_bridge
D:5:      layout_rooms, kennysheep_mini, chequers_serial_rivers_large_b,
          uniq_grinder
D:6:      minmay_evil_eye, layout_gridville, nicolae_dithmenos_shadow_blocks,
          uniq_duvessa

Skill      XL: |  1  2  3  4  5  6 |
---------------+-------------------+-----
Stealth        | 1 2 3 |  3.4
Dodging        | 2 3 |  3.6
Ranged Weapons | 4 |  4.8
Fighting       | 3 4 |  4.0

Action                     |  1- 3 |  4- 6 || total
---------------------------+-------+-------++-------
   Fire: Shortbow          |    93 |   163 ||   256
    Use: Potion            |     1 |       ||     1
 Armour: Leather armour    |    32 |    83 ||   115
  Dodge: Dodged            |    31 |    89 ||   120
